 Dungeon Crawl Stone Soup version 0.29-a0-284-gf9362112df (webtiles) character file.

Game seed: 7179464672334719947

18 spaghetti the Cutter (level 2, -1/18 HPs)
             Began as a Vampire Cinder Acolyte on Mar 22, 2022.
             Was an Elder of Ignis.
             Slain by a goblin
             ... wielding a +0 club
              (3 damage)
             ... on level 1 of the Dungeon.
             The game lasted 00:02:04 (760 turns).

spaghetti the Cutter (Vampire Cinder Acolyte)        Turns: 760, Time: 00:02:05

Health: -1/18      AC:  9    Str: 13    XL:     2   Next: 48%
Magic:  3/5        EV: 11    Int: 16    God:    Ignis [****..]
Gold:   15         SH:  0    Dex:  9    Spells: 3/5 levels left

rFire   + . .      SeeInvis +   a - -1 short sword (flame) {short}
rCold   + + .      Faith    .   (no shield)
rNeg    + + +      Spirit   .   b - +0 robe
rPois   ∞          Reflect  .   (no helmet)
rElec   .          Harm     .   (no cloak)
rCorr   .          Rampage  .   (no gloves)
Will    .....                   (no boots)
Stlth   +++.......              (no amulet)
HPRegen 0.00/turn               (no ring)
MPRegen 0.09/turn               (no ring)

@: fiery-armoured, bloodless, inhibited regen
A: bloodless, fangs 3, see invisible, vampiric 1
a: Revivify, Renounce Religion, Fiery Armour, Foxfire Swarm, Rising Flame


You were on level 1 of the Dungeon.
You worshipped Ignis.
Ignis was greatly pleased with you.
You visited 1 branch of the dungeon, and saw 1 of its levels.

You collected 15 gold pieces.


Innate Abilities, Weirdness & Mutations

You do not regenerate when monsters are visible.
You are frail without blood (-20% HP).
You can heal yourself when you bite living creatures.
You are immune to poison.
You have razor-sharp teeth.
You have supernaturally acute eyesight. (SInv)
You are afflicted with vampirism.


   Skills:
 - Level 2.6 Fighting
 - Level 3.2 Short Blades
 + Level 2.2 Spellcasting
 + Level 2.5 Fire Magic


You had 3 spell levels left.
You knew the following spells:

 Your Spells              Type           Power      Damage    Failure   Level
a - Scorch                Fire           18%        2d6       11%         2

Your spell library contained the following spells:

 Spells                   Type           Power      Damage    Failure   Level


Inventory:

Hand Weapons
 a - a -1 short sword of flaming (weapon) {short}
Armour
 b - a +0 robe (worn)
Magical Staves
 f - a staff of poison {!astaff}
   (You found it on level 1 of the Dungeon)
Scrolls
 c - a scroll of enchant weapon {unknown}
 e - a scroll of vulnerability {!r!r}

Dungeon Overview and Level Annotations

Branches:
Dungeon (1/15)

Altars:

#### #.# #.# #.# #.#
####.# #########.##.#
......[..#.b.#
###.######b###g########
......w†..## ##@.......
###.######.# #.########
#.#.# #.# ###


You could see a goblin and a bat.


Message History

No target in range!
No target in range!
No target in range!
No target in range!
No target in range!
No target in range!
Casting: Scorch (safe; 11% risk of failure)
Press: ? - help, Q - select action Dir - look around, f - activate You miscast Scorch.
You are very lightly contaminated with residual magic.
Nothing appears to happen. 😎 MP[-2]
You lost 2 mp, and now have 3/5 mp.
Casting: Scorch (safe; 11% risk of failure)
Press: ? - help, Q - select action Dir - look around, f - activate Flames lash the giant cockroach.
You kill the giant cockroach! 😎 MP[-2]
You lost 2 mp, and now have 1/5 mp.
Your magical contamination has completely faded away.
You see here a giant cockroach corpse.
Key pressed, stopping explore.
An endoplasm comes into view. 😎 MP[+4]
Your mp is fully restored (5).
An endoplasm is nearby!
The helpless endoplasm fails to defend itself.
You hit the endoplasm. You burn the endoplasm.
The endoplasm hits you but does no damage.
You hit the endoplasm. You burn the endoplasm.
You kill the endoplasm!
A frilled lizard and a goblin come into view.
There are monsters nearby!
There are monsters nearby!
Casting: Scorch (safe; 11% risk of failure)
Press: ? - help, Q - select action Dir - look around, f - activate You miscast Scorch.
You are very lightly contaminated with residual magic.
Nothing appears to happen. 😎 MP[-2]
You lost 2 mp, and now have 3/5 mp.
The goblin shouts!
The frilled lizard hisses angrily.
Casting: Scorch (safe; 11% risk of failure)
Press: ? - help, Q - select action Dir - look around, f - activate Flames lash the frilled lizard.
You kill the frilled lizard!
A bat comes into view. 😎 MP[-2]
You lost 2 mp, and now have 1/5 mp.
You don't have enough magic to cast this spell.
Unknown command.
You don't have enough magic to cast this spell.
Unknown command.
Unknown command.
A dart slug comes into view.
The goblin misses you.
You see here a frilled lizard corpse.
You closely miss the goblin. You barely miss the goblin.
The goblin hits you with a +0 club. 😕 HP[-4]
You take 4 damage, and now have 14/18 hp.
MASSIVE DAMAGE!! (PAUSE)
You don't have enough magic to cast this spell.
You miss the goblin. The goblin hits you but does no damage.
You hit the goblin but do no damage. The goblin hits you with a +0 club.
Your magical contamination has completely faded away. 😮 HP[-2]
You take 2 damage, and now have 12/18 hp.
You closely miss the goblin.
The goblin hits you with a +0 club. 😮 HP[-1]
You take 1 damage, and now have 11/18 hp.
You closely miss the goblin. Your bite misses the goblin.
The goblin hits you with a +0 club.
* * * LOW HITPOINT WARNING * * *
😨 HP[-4] MP[+1]
You take 4 damage, and now have 7/18 hp.
MASSIVE DAMAGE!! (PAUSE)
You aren't carrying any items that you can evoke.
You aren't carrying any potions.
As you read the scroll labelled VIUSHU XEFRIE, it crumbles to dust.
It is a scroll of identify.
e - a scroll of vulnerability The goblin hits you with a +0 club.
* * * LOW HITPOINT WARNING * * *
😨 HP[-2]
You take 2 damage, and now have 5/18 hp.
You aren't carrying any items that you can evoke.
Activating: Foxfire Swarm
Press: ? - help, Dir - look around, f - activate Flames leap up around you!
The goblin hits you with a +0 club.
* * * LOW HITPOINT WARNING * * *
😱 HP[-3]
You take 3 damage, and now have 2/18 hp.
You aren't carrying any items that you can evoke.
The goblin attacks as you move away! The goblin hits you but does no damage.
A protective cloak of flame settles atop you.
The goblin closely misses you. 😱 MP[+1]
The goblin attacks as you move away! The goblin hits you with a +0 club.
You die...

Skill      XL: |  1 |
---------------+----+-----
Spellcasting   | 2 |  2.2
Fighting       | |  2.6
Short Blades   | |  3.2
Fire Magic     | |  2.5

Action                   || total
-------------------------++-------
Melee: Short sword       ||    54
       Bite              ||     7
 Cast: Scorch            ||     7
Invok: Foxfire Swarm     ||     2
       Fiery Armour      ||     1
 Abil: Exsanguinate      ||     1
  Use: Scroll            ||     1
 Stab: Sleeping          ||     1
Armor: Robe              ||    11
Dodge: Dodged            ||    25

Levels and vault maps discovered:
D:1:      minmay_arrival_semitransparent, layout_loops_ring,
          shapermc_ecumenical_altar_pompeii

Notes
Turn   | Place    | Note
-------+----------+-------------------------------------------
     0 | D:1      | spaghetti the Vampire Cinder Acolyte began the quest for
                  | the Orb.
     0 | D:1      | Reached XP level 1. HP: 17/17 MP: 2/2
     0 | D:1      | magus.rc [v1.9.6]
   136 | D:1      | HP: 2/17 [frozen (4)]
   242 | D:1      | Reached skill level 2 in Spellcasting
   242 | D:1      | Reached XP level 2. HP: 14/18 MP: 5/5
   311 | D:1      | Learned a level 2 spell: Scorch
   750 | D:1      | HP: 2/18 [goblin/+0 club (3)]
   760 | D:1      | Slain by a goblin

Vanquished Creatures
  A bat (D:1)
  2 endoplasms (D:1)
  3 giant cockroaches (D:1)
  3 hobgoblins (D:1)
  2 kobolds (D:1)
  A ball python (D:1)
  3 frilled lizards (D:1)
  A rat (D:1)
16 creatures vanquished.

Vanquished Creatures (others)
  4 foxfires (D:1)
4 creatures vanquished.

Grand Total: 20 creatures vanquished

Table legend:
 A = Non-vault XP
 B = Vault XP
 C = Vault XP percentage of total XP
 D = Non-vault monster count
 E = Vault monster count
 F = Vault count percentage of total count
                 A         B        C        D         E       F
            +---------+---------+-------+---------+---------+-------
      Total |      26 |       0 |   0.0 |      16 |       0 |   0.0
            +---------+---------+-------+---------+---------+-------
        D:1 |      26 |       0 |   0.0 |      16 |       0 |   0.0
            +---------+---------+-------+---------+---------+-------

Illustrated notes

Table legend:
 A = Kills in this place as a percentage of kills in entire the game.
 B = Kills by you in this place as a percentage of kills by you in the entire game.
 C = Kills by friends in this place as a percentage of kills by friends in the entire game.
 D = Other kills in this place as a percentage of other kills in the entire game.
 E = Experience gained in this place as a percentage of experience gained in the entire game.
 F = Experience gained in this place divided by the number of levels of this place that you have seen.
                   A       B       C       D       E      F
               +-------+-------+-------+-------+-------+----------------------
         Total | 100.0 | 100.0 |   N/A |   N/A | 100.0 |  26.0
       Dungeon | 100.0 | 100.0 |   N/A |   N/A | 100.0 |  26.0
               +-------+-------+-------+-------+-------+----------------------

Table legend: (Time is in decaauts)
 A = Elapsed time spent in this place.
 B = Non-inter-level travel time spent in this place.
 C = Inter-level travel time spent in this place.
 D = Time resting spent in this place.
 E = Time spent auto-exploring this place.
 F = Levels seen in this place.
 G = Mean time per level.
                   A        B        C        D        E       F      G
               +--------+--------+--------+--------+--------+-----+--------+
         Total |    756 |    756 |      0 |    194 |    428 |   1 |  756.0 |
       Dungeon |    756 |    756 |      0 |    194 |    428 |   1 |  756.0 |
               +--------+--------+--------+--------+--------+-----+--------+

Top non-repeatable levels by time:
     D:1: 756 daAuts
